 Dungeon Crawl Stone Soup version 0.23.1 (webtiles) character file.

Game seed: 2474682837804123033

47 OdinFK the Firebug (level 3, 0/19 HPs)
             Began as a Deep Elf Fire Elementalist on Mar 8, 2019.
             Succumbed to an adder's poison
             ... on level 2 of the Dungeon.
             The game lasted 00:04:03 (1089 turns).

OdinFK the Firebug (Deep Elf Fire Elementalist)     Turns: 1089, Time: 00:04:03

Health: 0/19       AC:  2    Str:  3 (5)  XL:     3   Next: 48%
Magic:  1/9        EV: 18    Int: 19 (20) God:
Gold:   55         SH:  0    Dex: 18 (20) Spells: 2/8 levels left

rFire    . . .     SeeInvis .   d - +0 short sword
rCold    . . .     Gourm    .   (no shield)
rNeg     . . .     Faith    .   a - +0 robe
rPois    .         Spirit   .   (no helmet)
rElec    .         Reflect  .   (no cloak)
rCorr    .         Harm     .   (no gloves)
MR       .....                  (no boots)
Stlth    +++.......             (no amulet)
HPRegen  0.06/turn              (no ring)
MPRegen  0.11/turn              (no ring)

@: agile, lethally poisoned (0 -> -7)
A: no striking features
a: no special abilities


You were on level 2 of the Dungeon.
You were not hungry.

You visited 1 branch of the dungeon, and saw 2 of its levels.

You collected 55 gold pieces.

Inventory:

Hand Weapons
 d - a +0 short sword (weapon)
Armour
 a - a +0 robe (worn)
Jewellery
 e - an uncursed amulet of faith {unknown}
 h - an uncursed ring of wizardry {unknown}
 k - a cursed ring of attention {unknown}
Scrolls
 b - a scroll of remove curse {unknown}
 j - a scroll of blinking {unknown}
Comestibles
 c - 2 rations
 g - 3 chunks of flesh


   Skills:
 + Level 0.2 Short Blades
 + Level 2.6 Dodging
 + Level 2.5 Stealth
 + Level 3.4 Spellcasting
 * Level 2.1 Conjurations
 + Level 4.2 Fire Magic


You had 2 spell levels left.
You knew the following spells:

 Your Spells              Type           Power        Failure   Level  Hunger
a - Flame Tongue          Conj/Fire      ###..        4%          1    None
b - Throw Flame           Conj/Fire      ###...       6%          2    ##.....
c - Conjure Flame         Conj/Fire      ###.....     12%         3    ###....

Your spell library contained the following spells:

 Spells                   Type           Power        Failure   Level  Hunger
 Inner Flame              Hex/Fire       ##......     19%         3    ###....
 Sticky Flame             Conj/Fire      ###.....     36%         4    ####...
 Fireball                 Conj/Fire      ###.......   73%         5    ######.


Dungeon Overview and Level Annotations

Branches:
Dungeon (2/15)

Altars:


Message History

You feel weakened.
You feel dopey.
You feel clumsy.
You feel sick. The adder bites you but does no damage.
It was a potion of agility.
You feel agile all of a sudden. The adder closely misses you.
You feel sick. The adder closely misses you.
You feel sick.
You feel sick.
You hit the adder but do no damage.
The adder is heavily wounded.
* * * LOW HITPOINT WARNING * * *
You feel sick. The adder bites you.
* * * LOW HITPOINT WARNING * * *
The adder completely misses you.
You hit the adder.
The adder is almost dead.
The adder misses you.
You hit the adder.
The adder is almost dead.
You die...

#...........#)......#
#
#.........†.#########
#...........#
#.....#######
#.....†...#.
#.....###.#.###
#.....#...#...#
#.....#.#####.#
#..)..#@S.....#
#.....#†#####.#
#####.#...# ..#
#.###.# ### #.....#
#.######## #........#
#........# #........#


You could see an adder.

Vanquished Creatures
  A worm (D:2)
  3 dart slugs
  2 leopard geckos (D:2)
  6 bats
  2 goblins
  3 hobgoblins
  6 jackals
  A quokka (D:2)
  2 frilled lizards (D:1)
  4 kobolds
  2 rats (D:2)
32 creatures vanquished.

Notes
Turn   | Place    | Note
-------+----------+-------------------------------------------
     0 | D:1      | OdinFK the Deep Elf Fire Elementalist began the quest for
                  | the Orb.
     0 | D:1      | Reached XP level 1. HP: 10/10 MP: 6/6
   172 | D:1      | Reached XP level 2. HP: 15/15 MP: 6/8
   183 | D:1      | Learned a level 2 spell: Throw Flame
   716 | D:2      | Reached skill level 4 in Fire Magic
   810 | D:2      | Reached XP level 3. HP: 10/19 MP: 3/9
   815 | D:2      | Learned a level 3 spell: Conjure Flame
  1089 | D:2      | Succumbed to an adder's poison

Skill      XL: |  1  2  3 |
---------------+----------+-----
Fire Magic     | 4 |  4.2
Conjurations   | 2 |  2.1
Short Blades   | |  0.2
Dodging        | |  2.6
Stealth        | |  2.5
Spellcasting   | |  3.4

Action                   || total
-------------------------++-------
Melee: Unarmed           ||     3
       Short sword       ||    26
 Cast: Flame Tongue      ||    43
       Throw Flame       ||    15
  Use: Potion            ||     2
 Stab: Sleeping          ||     1
  Eat: Chunk             ||     1
Armor: Robe              ||     8
Dodge: Dodged            ||    34
